 Dungeon Crawl Stone Soup version 0.31-a0-354-g827e0957a7 (webtiles) character file.

Game seed: 7206592392826150266

37 Locuples the Digger (level 3, 0/19 HPs)
             Began as a Deep Elf Earth Elementalist on July 24, 2023.
             Frozen to death by an endoplasm (1 damage)
             ... on level 4 of the Dungeon.
             The game lasted 00:03:52 (1381 turns).

Locuples the Digger (Deep Elf Earth Elementalist)   Turns: 1381, Time: 00:03:53

Health: 0/19       AC:  2    Str:  5    XL:     3   Next: 21%
Magic:  10/10      EV: 22    Int: 21    God:
Gold:   66         SH:  0    Dex: 15    Spells: 6/9 levels left

rFire   . . .        (no weapon)
rCold   . . .        (no shield)
rNeg    . . .        a - +0 robe
rPois   .            (no helmet)
rElec   .            (no cloak)
rCorr   .            (no gloves)
SInv    .            (no boots)
Will    .....        (no amulet)
Stlth   ++           e - +5 ring of evasion
HPRegen 0.23/turn    g - +5 ring of evasion
MPRegen 0.12/turn

%: no passive effects
@: no status effects
A: no striking features
a: no special abilities


You were on level 4 of the Dungeon.
You visited 1 branch of the dungeon, and saw 4 of its levels.

You collected 66 gold pieces.

Inventory:

Armour
 a - a +0 robe (worn)
Jewellery
 e - a +5 ring of evasion (left hand)
 g - a +5 ring of evasion (right hand)
Scrolls
 c - a scroll of teleportation {unknown}
 d - 3 scrolls of vulnerability {unknown}
 f - 2 scrolls of identify {unknown}
 i - a scroll of summoning {unknown}
Potions
 b - a potion of magic
 h - a potion of enlightenment {unknown}


   Skills:
 - Level 2.4 Dodging
 - Level 2.4 Stealth
 * Level 3.7 Spellcasting
 + Level 1.1 Transmutations
 + Level 4.4 Earth Magic


You had 6 spell levels left.
You knew the following spells:

 Your Spells              Type           Power      Damage    Failure   Level
a - Sandblast             Erth           44%        2d11      1%          1
b - Passwall              Tmut/Erth      12%        N/A       6%          2

Your spell library contained the following spells:

 Spells                   Type           Power      Damage    Failure   Level
 Stone Arrow              Conj/Erth      26%        3d8       16%         3
 Petrify                  Tmut/Erth      15%        N/A       36%         4


Dungeon Overview and Level Annotations

Branches:
Dungeon (4/15)
 Temple: D:4-7

Altars:
Sif Muna


Message History

A giant cockroach and a goblin come into view.
The endoplasm misses you. The goblin barely misses you.
You barely miss the goblin. The goblin completely misses you.
The endoplasm closely misses you.
The goblin shouts!
The goblin hits you with a +0 club. The endoplasm attacks as you move away!
The endoplasm hits you but does no damage.
The goblin attacks as you move away! The goblin misses you.
The giant cockroach misses you.
An orc comes into view. It is wielding a +0 hand axe.
The giant cockroach misses you. The endoplasm attacks as you move away!
The endoplasm misses you.
An endoplasm comes into view.
The giant cockroach completely misses you.
The goblin barely misses you. The goblin completely misses you.
The endoplasm hits you.
Found a scroll labelled LAALOG ZIRAGE.
The orc shouts!
The goblin closely misses you. The endoplasm attacks as you move away!
The endoplasm misses you.
Found 34 gold pieces.
The orc closely misses you.
You barely miss the orc.
The giant cockroach completely misses you.
The endoplasm closely misses you. The orc hits you with a +0 hand axe.
* * * LOW HITPOINT WARNING * * *
The giant cockroach misses you.
The giant cockroach attacks as you move away!
The giant cockroach closely misses you. The goblin attacks as you move away!
The goblin hits you but does no damage. The goblin closely misses you.
The orc completely misses you.
You hit the giant cockroach but do no damage.
The giant cockroach completely misses you.
The goblin closely misses you. The endoplasm freezes you.
You are frozen.
* * * LOW HITPOINT WARNING * * *
The endoplasm freezes you.
You are frozen.
You die...

.......#########
#$.............#
#.............## .
#.............##
..#..............#
.................#######
...#..Jog...............
#$?....@Bg......#.......
#.......J......##....#
##.............#....###
##...................##
#...........!.####...#
##......$..#### ###..
##.......## ##.
#......## ## #.###.##


You could see an orc, 2 endoplasms, a giant cockroach and 2 goblins.

Vanquished Creatures
  A worm (D:2)
  2 dart slugs
  3 endoplasms
  5 goblins
  3 hobgoblins
  A quokka (D:2)
  3 ball pythons (D:2)
  5 bats
  3 kobolds
  3 rats
29 creatures vanquished.

Notes
Turn   | Place    | Note
-------+----------+-------------------------------------------
     0 | D:1      | Locuples the Deep Elf Earth Elementalist began the quest
                  | for the Orb.
     0 | D:1      | Reached XP level 1. HP: 10/10 MP: 6/6
   258 | D:1      | Reached XP level 2. HP: 15/15 MP: 6/8
   402 | D:1      | Reached skill level 4 in Earth Magic
  1025 | D:2      | Reached XP level 3. HP: 17/19 MP: 1/10
  1307 | D:2      | Learned a level 2 spell: Passwall
  1349 | D:4      | Found a shimmering blue altar of Sif Muna.
  1381 | D:4      | Frozen to death by an endoplasm

Illustrated notes

Levels and vault maps discovered:
D:1:      dpeg_arrival_long_road, layout_loops_ring
D:2:      layout_basic
D:3:      layout_basic, gammafunk_ghost_necromancy, kennysheep_generic_room_16
D:4:      layout_cave_pods, mainiacjoe_overflow_cross_hatched,
          amcnicky_altar_gilded, kennysheep_little_box,
          minmay_temple_entry_gardened_gates, uniq_robin,
          uniq_crazy_yiuf_cottage

Skill      XL: |  1  2 |
---------------+-------+-----
Earth Magic    | 4 |  4.4
Dodging        | |  2.4
Stealth        | |  2.4
Spellcasting   | |  3.7
Transmutations | |  1.1

Action                     || total
---------------------------++-------
  Melee: Unarmed           ||    32
   Cast: Sandblast         ||    37
         Passwall          ||     1
 Armour: Robe              ||     7
  Dodge: Dodged            ||    96

Table legend: (Time is in decaauts)
 A = Elapsed time spent in this place.
 B = Non-inter-level travel time spent in this place.
 C = Inter-level travel time spent in this place.
 D = Time resting spent in this place.
 E = Time spent auto-exploring this place.
 F = Levels seen in this place.
 G = Mean time per level.
                   A        B        C        D        E       F      G
               +--------+--------+--------+--------+--------+-----+--------+
         Total |   1397 |   1395 |      2 |     20 |   1005 |   4 |  349.2 |
       Dungeon |   1397 |   1395 |      2 |     20 |   1005 |   4 |  349.2 |
               +--------+--------+--------+--------+--------+-----+--------+

Top non-repeatable levels by time:
     D:1: 761 daAuts
     D:2: 581 daAuts
     D:4: 31 daAuts
     D:3: 22 daAuts
